 Dungeon Crawl Stone Soup version 0.27.1-33-g824d729ab1 (webtiles) character file.

Game seed: 3413391564795272659

22628 pkoi the Martial Artist (level 12, -6/96 HPs)
             Began as a Pale Draconian Monk on Dec 8, 2021.
             Was a High Priest of Makhleb.
             Mangled by an 11-headed hydra (8 damage)
             ... on level 2 of the Lair of Beasts.
             The game lasted 00:20:50 (16852 turns).

pkoi the Martial Artist (Pale Draconian Monk)      Turns: 16852, Time: 00:20:51

Health: -6/96      AC: 15    Str: 13    XL:     12   Next: 64%
Magic:  22/22      EV: 16    Int: 15    God:    Makhleb [*****.]
Gold:   753        SH:  5    Dex: 13    Spells: 23/25 levels left

rFire    + . .     SeeInvis .   m - +10 lajatang of Okhifur {distort, rElec}
rCold    . . .     Faith    .   (shield currently unavailable)
rNeg     . . .     Spirit   .   (armour unavailable)
rPois    .         Reflect  +   L - +2 hat
rElec    +         Harm     .   K - +0 cloak
rCorr    .         Rampage  .   (no gloves)
Will     .....                  (no boots)
Stlth    ++........             s - amulet of reflection
HPRegen  0.26/turn              z - +4 ring of protection
MPRegen  0.18/turn              p - ring of protection from fire

@: short of breath
A: breathe steam, AC +8, unfitting armour, cold-blooded, steam resistance,
clumsy 1, frail 1, wild magic 1
a: Breathe Steam, Renounce Religion, Minor Destruction, Lesser Servant of
Makhleb, Major Destruction, Greater Servant of Makhleb


You were on level 2 of the Lair of Beasts.
You worshipped Makhleb.
Makhleb was extremely pleased with you.
You visited 3 branches of the dungeon, and saw 14 of its levels.

You collected 753 gold pieces.

Inventory:

Hand Weapons
 g - a +0 demon blade of venom
 m - the +10 lajatang of Okhifur (weapon) {distort, rElec}
   (You found it on level 5 of the Dungeon)

   It warps and distorts space around it, and may blink, banish, or inflict
   extra damage upon those it strikes.
   Unwielding it can cause banishment or high damage.
   rElec:     It insulates you from electricity.
Missiles
 y - 54 poisoned darts (quivered)
Armour
 K - a +0 cloak (worn)
 L - a +2 hat (worn)
Jewellery
 p - a ring of protection from fire (right hand)
 s - an amulet of reflection (around neck)
 z - a +4 ring of protection (left hand)
 C - a ring of fire
 O - a ring of protection from cold
Wands
 h - a wand of charming (9)
 v - a wand of flame (56)
 w - a wand of acid (9)
 B - a wand of iceblast (9)
 D - a wand of polymorph (8)
Scrolls
 d - 2 scrolls of noise
 f - 6 scrolls of teleportation
 i - a scroll of amnesia {unknown}
 l - 9 scrolls of identify {unknown}
 n - a scroll of fear {unknown}
 o - 6 scrolls of magic mapping {unknown}
 r - a scroll of brand weapon {unknown}
 t - 2 scrolls of immolation {unknown}
 A - a scroll of blinking {unknown}
 F - 5 scrolls of enchant armour {unknown}
 H - a scroll of holy word {unknown}
 I - a scroll of enchant weapon {unknown}
 M - a scroll of torment {unknown}
Potions
 a - a potion of lignification
 b - 5 potions of haste
 c - 2 potions of heal wounds
 e - a potion of attraction {unknown}
 j - 7 potions of curing
 k - 2 potions of brilliance
 q - a potion of mutation
 u - a potion of cancellation
 x - 2 potions of berserk rage {unknown}
 E - 4 potions of might
 G - a potion of flight {unknown}
 J - 3 potions of ambrosia {unknown}
 N - a potion of resistance {unknown}


   Skills:
 + Level 10.5 Fighting
 + Level 9.0 Staves
 + Level 8.9 Dodging
 - Level 1.7 Stealth
 + Level 12.6 Unarmed Combat
 - Level 7.0 Spellcasting
 + Level 1.0 Translocations


You had 23 spell levels left.
You knew the following spells:

 Your Spells              Type           Power      Damage    Failure   Level
a - Blink                 Tloc           N/A        N/A       19%         2

Your spell library contained the following spells:

 Spells                   Type           Power      Damage    Failure   Level
 Corona                   Hex            6%         N/A       19%         1
 Ensorcelled Hibernation  Hex/Ice        12%        N/A       28%         2
 Sublimation of Blood     Necr           3%         N/A       28%         2
 Lesser Beckoning         Tloc           5%         N/A       34%         3
 Tukima's Dance           Hex            6%         N/A       45%         3
 Olgreb's Toxic Radiance  Pois           6%         N/A       85%         4
 Petrify                  Tmut/Erth      6%         N/A       85%         4
 Manifold Assault         Tloc           10%        N/A       96%         5
 Irradiate                Conj/Tmut      3%         3d14      99%         5
 Conjure Ball Lightning   Conj/Air       3%         3x3d6     100%        6
 Ozocubu's Refrigeration  Ice            3%         4d5       100%        7
 Discord                  Hex            3%         N/A       100%        8
 Disjunction              Tloc           5%         N/A       100%        8
 Ignition                 Fire           3%         3d4       100%        8


Dungeon Overview and Level Annotations

Branches:
Dungeon (11/15)            Temple (1/1) D:4            Lair (2/6) D:9
 Spider (0/4) Lair:2          Orc (0/2) D:9
  Swamp: Lair:2-4    Shoals: Lair:2-4

Altars:
Ashenzari
Cheibriados
Dithmenos
Elyvilon
Fedhas
Gozag
Hepliaklqana
Kikubaaqudgha
Makhleb
Nemelex Xobeh
Okawaru
Qazlal
Ru
Sif Muna
Trog
Uskayaw
Vehumet
Wu Jian
Xom
Yredelemnul
Zin
The Shining One

Shops:
D:2 (=(*   D:6 *

Portals:
Trove: D:10 (give horn of Geryon)

Annotations:
D:3 3 runed translucent doors, pkoi's ghost, weakling DrMo
Abyss:1 Duvessa


Innate Abilities, Weirdness & Mutations

You can breathe blasts of scalding, opaque steam.
Your pale cyan-grey scales are hard. (AC +8)
You cannot fit into any form of body armour.
You are cold-blooded and may be slowed by cold attacks.
You are immune to the effects of steam.
You are clumsy. (Dex -2)
You are frail. (-10% HP)
Your spells are a little harder to cast, but a little more powerful.


Message History

* * * LOW HITPOINT WARNING * * *
The ten-headed hydra bites you but does no damage.
The ten-headed hydra bites you.
* * * LOW HITPOINT WARNING * * *
The ten-headed hydra bites you!
* * * LOW HITPOINT WARNING * * *
The ten-headed hydra bites you.
* * * LOW HITPOINT WARNING * * *
The ten-headed hydra barely misses you.
The ten-headed hydra bites you but does no damage.
The ten-headed hydra completely misses you.
The ten-headed hydra closely misses you.
The ten-headed hydra bites you but does no damage.
Unknown command.
You hack one of the ten-headed hydra's heads off!
The nine-headed hydra grows two more!
You slash the 11-headed hydra!
The 11-headed hydra is severely wounded.
The 11-headed hydra bites you but does no damage.
The 11-headed hydra bites you.
* * * LOW HITPOINT WARNING * * *
The 11-headed hydra misses you. You block the 11-headed hydra's attack.
The 11-headed hydra bites you.
* * * LOW HITPOINT WARNING * * *
The 11-headed hydra bites you but does no damage.
The 11-headed hydra closely misses you.
The 11-headed hydra bites you but does no damage.
The 11-headed hydra bites you!
* * * LOW HITPOINT WARNING * * *
You block the 11-headed hydra's attack. x2
A killer bee comes into view.
Unknown command.
Press: ? - help, Shift-Dir - straight line, f/p - 11-headed hydra
Aim: an 11-headed hydra (heavily wounded)
You exhale a blast of scalding steam.
The ball of steam hits the 11-headed hydra!
The 11-headed hydra is severely wounded.
The 11-headed hydra is engulfed in a cloud of scalding steam.
You block the 11-headed hydra's attack. The 11-headed hydra misses you.
The 11-headed hydra bites you!
You die...

#.##....##.#....#.....#....##
..##...................#.##
.+#.P...................###
.....................^..#
......................†.###
....................y...#.##
.........##.#§†##.....#....##
.........#####D##.....#.....#
.#.......# ####@....).#.....#
..#......###..'.......#.....#
...............##.....##...##
..P.....)P.P###.#.....###.##
........(..## ##......#####
..#.......#####.#......##
........................##
.........................#
+#.......................##


You could see a 11-headed hydra and a killer bee (wandering).

Vanquished Creatures
  Gastronok (D:10)
  3 two-headed ogres
  Pikel (D:6)
  2 black mambas
  3 cane toads (Lair:2)
  2 komodo dragons
  A queen bee (Lair:2)
  2 meliai (Lair:2)
  Grinder (D:6)
  A troll (D:11)
  Sigmund (D:6)
  2 wraiths (D:9)
  2 wyverns
  A basilisk (Lair:2)
  5 humans
  39 yaks
  2 steam dragons (D:9)
  4 vampire mosquitoes (D:11)
  2 acid dragons
  4 water moccasins
  Purgy (D:4)
  A sky beast (D:7)
  A black bear (Lair:1)
  An ice beast (D:5)
  9 orc warriors
  3 ogres (D:6)
  8 wolves (Lair:1)
  3 centaurs
  2 phantoms
  A kobold brigand (D:9)
  3 lemures (D:6)
  3 bullfrogs
  2 gnoll sergeants
  Blork the orc (D:6)
  Dowan (D:6)
  A scorpion (D:7)
  3 wights (D:7)
  12 killer bees (Lair:2)
  4 howler monkeys
  4 hounds
  A bullfrog skeleton (D:4)
  8 orc priests
  A gnoll shaman (D:8)
  Crazy Yiuf (D:2)
  A centaur skeleton (D:5)
  Terence (D:2)
  An iguana (D:5)
  Natasha (thrice) (D:2)
  16 orc wizards
  A killer bee zombie (D:7)
  2 hound skeletons
  Robin (D:2)
  9 adders
  14 gnolls
  A white imp (D:8)
  2 ufetubi
  3 worms
  4 dart slugs
  51 orcs
  10 endoplasms
  5 giant cockroaches
  14 goblins
  10 hobgoblins
  6 jackals
  8 quokkas
  16 ball pythons
  3 bats
  A frilled lizard (D:1)
  12 kobolds
  6 rats
355 creatures vanquished.

Vanquished Creatures (others)
  6 fungi
  6 plants
12 creatures vanquished.

Grand Total: 367 creatures vanquished

Notes
Turn   | Place    | Note
-------+----------+-------------------------------------------
     0 | D:1      | pkoi the Draconian Monk began the quest for the Orb.
     0 | D:1      | Reached XP level 1. HP: 19/19 MP: 1/1
   450 | D:1      | Reached XP level 2. HP: 19/26 MP: 2/2
   954 | D:1      | Found a faded altar of an unknown god.
  1085 | D:1      | Reached skill level 4 in Unarmed Combat
  1368 | D:1      | Reached XP level 3. HP: 26/31 MP: 3/3
  1690 | D:2      | Found Riup's Antique Weapon Emporium.
  1840 | D:2      | Found a glowing golden altar of the Shining One.
  1962 | D:2      | Noticed Terence
  1963 | D:2      | Found Luggoq's Assorted Antiques.
  1967 | D:2      | Killed Terence
  1968 | D:2      | Reached skill level 5 in Unarmed Combat
  1968 | D:2      | Reached XP level 4. HP: 37/38 MP: 4/4
  2111 | D:2      | Noticed Robin
  2139 | D:2      | Killed Robin
  2287 | D:2      | Noticed Natasha
  2294 | D:2      | Killed Natasha
  2482 | D:2      | Noticed Natasha
  2485 | D:2      | Killed Natasha
  2486 | D:2      | Reached XP level 5. HP: 35/45 MP: 5/5
  2559 | D:2      | Reached skill level 6 in Unarmed Combat
  2639 | D:2      | Found a runed translucent door.
  2640 | D:2      | Noticed Crazy Yiuf
  2930 | D:2      | Found Citelori's Jewellery Shop.
  3030 | D:2      | Noticed Natasha
  3036 | D:2      | Killed Natasha
  3081 | D:3      | Found a runed translucent gate.
  3082 | D:3      | Found a runed translucent gate.
  3083 | D:3      | Found a runed translucent gate.
  3085 | D:3      | Noticed pkoi's ghost (weakling DrMo)
  3165 | D:3      | Found a broken altar of Ashenzari.
  3174 | D:3      | Found a burning altar of Makhleb.
  3188 | D:3      | Became a worshipper of Makhleb the Destroyer
  3188 | D:3      | Reached * piety under Makhleb
  3188 | D:3      | Reached ** piety under Makhleb
  3313 | D:3      | Found a hazy altar of Hepliaklqana.
  3453 | D:3      | You fall into a shaft and drop 3 floors!
  3461 | D:6      | Noticed an ogre
  3476 | D:5      | Entered Level 5 of the Dungeon
  3500 | D:5      | Identified the +10 lajatang of Okhifur {distort, rElec}
  3547 | D:5      | Reached skill level 7 in Unarmed Combat
  3547 | D:5      | Reached XP level 6. HP: 38/51 MP: 6/6
  4409 | D:2      | Found Pogu's Antique Weapon Shoppe.
  4570 | D:2      | Killed Crazy Yiuf
  4746 | D:4      | Noticed Purgy
  4749 | D:4      | Reached skill level 8 in Unarmed Combat
  4749 | D:4      | Your scales start taking on a pale cyan-grey colour.
  4749 | D:4      | Reached XP level 7. HP: 44/57 MP: 7/7
  4749 | D:4      | Gained mutation: You are immune to the effects of steam.
                  | [Pale Draconian growth]
  4770 | D:4      | Killed Purgy
  4853 | D:4      | Found a staircase to the Ecumenical Temple.
  4868 | Temple   | Entered the Ecumenical Temple
  5203 | D:4      | Reached *** piety under Makhleb
  5424 | D:4      | Reached skill level 9 in Unarmed Combat
  6280 | D:5      | Found a glowing golden altar of the Shining One.
  6510 | D:5      | Reached skill level 1 in Spellcasting
  6538 | D:5      | Reached XP level 8. HP: 66/66 MP: 9/9
  6899 | D:6      | Noticed Grinder
  6901 | D:6      | Noticed Dowan
  6931 | D:6      | Killed Grinder
  6932 | D:6      | Reached skill level 1 in Staves
  7124 | D:6      | Noticed Duvessa
  7132 | D:6      | Banished Duvessa
  7139 | D:6      | Killed Dowan
  7234 | D:6      | Noticed Pikel
  7239 | D:6      | Killed Pikel
  7240 | D:6      | Reached skill level 5 in Fighting
  7388 | D:6      | Found Fewn's General Store.
  7422 | D:6      | Reached XP level 9. HP: 74/74 MP: 13/13
  7436 | D:6      | Noticed Sigmund
  7453 | D:6      | Killed Sigmund
  7603 | D:6      | Found an iron altar of Okawaru.
  7603 | D:6      | Found an ornate altar of the Wu Jian Council.
  7640 | D:6      | You fall into a shaft and drop 3 floors!
  7792 | D:9      | Reached **** piety under Makhleb
  7793 | D:9      | Reached skill level 10 in Unarmed Combat
  8412 | D:8      | Reached skill level 5 in Dodging
  9094 | D:6      | Reached XP level 10. HP: 70/84 MP: 16/16
  9103 | D:6      | Reached skill level 5 in Staves
  9253 | D:6      | Noticed Blork the orc
  9258 | D:6      | Killed Blork the orc
  9744 | D:7      | Reached skill level 5 in Spellcasting
 10877 | D:8      | Reached ***** piety under Makhleb
 11604 | D:9      | Noticed a two-headed ogre
 11614 | D:9      | Killed a two-headed ogre
 11615 | D:9      | Reached skill level 11 in Unarmed Combat
 11848 | D:9      | Found a basalt altar of Yredelemnul.
 12043 | D:9      | Found a staircase to the Orcish Mines.
 12132 | D:9      | Reached XP level 11. HP: 78/94 MP: 19/19
 12363 | D:9      | Found a staircase to the Lair.
 12518 | D:10     | Entered Level 10 of the Dungeon
 12533 | D:10     | Found a portal to a secret trove of treasure.
 12660 | D:10     | Found a radiant altar of Vehumet.
 12867 | D:10     | Found a sacrificial altar of Ru.
 13076 | D:10     | Noticed Gastronok
 13089 | D:10     | Killed Gastronok
 13963 | D:11     | Noticed a two-headed ogre
 13972 | D:11     | Noticed a two-headed ogre
 13989 | D:11     | Noticed a brown ugly thing
 13990 | D:11     | Gained mutation: Your spells are a little harder to cast,
                  | but a little more powerful. [potion of mutation]
 13990 | D:11     | Gained mutation: You are clumsy. (Dex -2) [potion of
                  | mutation]
 13990 | D:11     | Gained mutation: You are frail. (-10% HP) [potion of
                  | mutation]
 14414 | D:11     | Killed a two-headed ogre
 14421 | D:11     | Learned a level 2 spell: Blink
 14566 | D:11     | Killed a two-headed ogre
 14567 | D:11     | Reached XP level 12. HP: 68/94 MP: 22/22
 14572 | D:11     | Reached skill level 12 in Unarmed Combat
 15031 | Lair:1   | Entered Level 1 of the Lair of Beasts
 15583 | Lair:1   | Reached skill level 10 in Fighting
 16112 | Lair:2   | Found a hole to the Spider Nest.
 16832 | Lair:2   | Noticed an eight-headed hydra
 16850 | Lair:2   | Reached skill level 1 in Translocations
 16851 | Lair:2   | HP: 2/96 [11-headed hydra (12)]
 16852 | Lair:2   | Mangled by an 11-headed hydra

Illustrated notes

Levels and vault maps discovered:
D:1:      nagdon_arrival_double_spiral, layout_basic,
          shapermc_ecumenical_altar_acropolis
D:2:      layout_basic, serial_shops, shop, shop_statue,
          nicolae_shop_temple_entry_statues_fountains, nicolae_square_shop,
          basic_altar, grunt_ministairs_3, kennysheep_nondescript, uniq_terence,
          uniq_crazy_yiuf_cottage, uniq_natasha, uniq_robin
D:3:      layout_basic, bloody_makhleb, evilmike_ruin_ashenzari,
          mainiacjoe_overflow_alcove_2, gammafunk_ghost_nasty_kobolds
D:4:      layout_loops_ring, minmay_temple_entry_nine_rooms, st_stairs_8,
          minmay_snake_closets, uniq_purgy
D:5:      layout_loops_ring, tso_metal_star, hangedman_abyss_or_decor_stagger
D:6:      layout_basic, chequers_temple_overflow_statue_of_worship,
          serial_shops, shop_fountains, minmay_stone_trees_medium,
          uniq_blork_the_orc, uniq_sigmund, uniq_grinder, uniq_duvessa,
          uniq_pikel
D:7:      layout_gridville, grunt_ministairs_3
D:8:      layout_gridville, minmay_ruffians
D:9:      cheibrodos_steamvent, layout_long_grid, mainiacjoe_overflow_brackets,
          david_lair_shrubbed, david_orc_4, roderic_roman_lattice
D:10:     layout_rooms, fiery_altar_vehumet,
          mainiacjoe_overflow_concentric_impassable,
          nicolae_trove_entry_isolated, uniq_gastronok
D:11:     layout_long_grid
Temple:   cyrus_circular_temple
Lair:1:   layout_loops_ring
Lair:2:   regret_index_combs_of_tragedy, layout_regular_city,
          nicolae_spider_entry_orb_guardian

Skill      XL: |  1  2  3  4  5  6  7  8  9 10 11 12 |
---------------+-------------------------------------+-----
Unarmed Combat | 4 5 7 8 9 10 11 12 | 12.6
Dodging        | 3 4 5 6 7 8 |  8.9
Spellcasting   | 1 3 4 5 7 |  7.0
Fighting       | 5 6 8 9 10 | 10.5
Staves         | 3 4 6 7 9 |  9.0
Translocations | 1 |  1.0
Stealth        | |  1.7

Action                   |  1- 3 |  4- 6 |  7- 9 | 10-12 || total
-------------------------+-------+-------+-------+-------++-------
Melee: Unarmed           |    80 |       |       |       ||    80
       Tailslap          |    11 |    10 |    10 |    51 ||    82
       Punch             |     3 |     1 |       |       ||     4
       Demon blade       |    30 |    79 |       |       ||   109
       Lajatang          |       |    33 |   209 |   477 ||   719
 Abil: Breathe Steam     |       |       |     1 |     4 ||     5
  Use: Scroll            |       |       |     2 |     3 ||     5
       Potion            |       |       |     1 |     6 ||     7
 Stab: Sleeping          |     3 |     7 |     4 |     3 ||    17
       Distracted        |     1 |       |     1 |       ||     2
Armor: Skin              |    16 |    35 |   109 |   153 ||   313
Dodge: Dodged            |    67 |    87 |   194 |   373 ||   721
Block: Other             |       |       |     4 |   113 ||   117
       Reflection        |       |       |       |     3 ||     3
       Rpst.: Demon blade |     6 |    16 |       |       ||    22
